[ AOE2 MATCH · #462128899 ]
UnrankedFranks vs Turks
[ REPLAY ANALYSIS · EXTRACTED FROM THE RECORDED GAME ]
Feudal
12:49
Castle
28:51
Imperial
46:43
| APM avg | 23.2 |
| APM peak | 131 |
| eAPM avg | 12.9 |
| Villagers / military | 72 / 199 |
Focus
⚔️ 34.8% · 🌾 65.2%
Knight ×171 · Trade Cart ×24 · Throwing Axeman ×24 · Trebuchet (Packed) ×3 · Monk ×1
Feudal
13:25
Castle
21:46
Imperial
38:54
| APM avg | 9.7 |
| APM peak | 46 |
| eAPM avg | 8.0 |
| Villagers / military | 71 / 180 |
Focus
⚔️ 28.4% · 🌾 71.6%
Cavalry Archer ×134 · Trade Cart ×30 · Bombard Cannon ×19 · Scorpion ×14 · Janissary ×10 · Trebuchet (Packed) ×2
Feudal
11:24
Castle
25:30
Imperial
41:01
| APM avg | 12.0 |
| APM peak | 80 |
| eAPM avg | 11.0 |
| Villagers / military | 95 / 489 |
Focus
⚔️ 63.6% · 🌾 36.4%
Knight ×298 · Scout Cavalry ×74 · Skirmisher ×61 · Cavalry Archer ×36 · Trade Cart ×32 · Archer ×17
Feudal
19:30
Castle
35:32
Imperial
58:48
| APM avg | 10.7 |
| APM peak | 36 |
| eAPM avg | 8.4 |
| Villagers / military | 113 / 558 |
Focus
⚔️ 43.7% · 🌾 56.3%
Militia ×188 · Knight ×124 · Spearman ×83 · Throwing Axeman ×64 · Scout Cavalry ×45 · Skirmisher ×24
Feudal
14:52
Castle
21:28
Imperial
36:52
| APM avg | 27.3 |
| APM peak | 55 |
| eAPM avg | 18.2 |
| Villagers / military | 119 / 715 |
Focus
⚔️ 30.0% · 🌾 70.0%
Battle Elephant ×278 · Rattan Archer ×181 · Spearman ×126 · Scout Cavalry ×95 · Bombard Cannon ×30 · Trade Cart ×29
Feudal
13:21
Castle
22:58
Imperial
36:31
| APM avg | 14.6 |
| APM peak | 51 |
| eAPM avg | 11.5 |
| Villagers / military | 165 / 593 |
Focus
⚔️ 33.3% · 🌾 66.7%
Spearman ×330 · Samurai ×258 · Trade Cart ×28 · Monk ×5
Feudal
14:05
Castle
24:39
Imperial
30:19
| APM avg | 19.2 |
| APM peak | 50 |
| eAPM avg | 11.9 |
| Villagers / military | 80 / 398 |
Focus
⚔️ 36.9% · 🌾 63.1%
Knight ×206 · Spearman ×140 · Hand Cannoneer ×34 · Trade Cart ×22 · Fishing Ship ×10 · Trebuchet (Packed) ×9
Feudal
14:57
Castle
22:10
Imperial
35:42
| APM avg | 15.2 |
| APM peak | 43 |
| eAPM avg | 13.3 |
| Villagers / military | 163 / 796 |
Focus
⚔️ 42.9% · 🌾 57.1%
Spearman ×461 · Skirmisher ×145 · Camel Scout ×114 · Trade Cart ×39 · Scout Cavalry ×25 · Bombard Cannon ×25
Match map
Initial resources + every placement click. Lines = walls · curves = elevation contours. ◆ gold · ⬟ stone · ● berries · ✦ relic · ◌ wall gap
Your base· ✓ Closed at 28:51 · 0t walls · no gate
fatplumb's base· ✓ Closed at 21:46 · 25t walls · no gate
Negraxa's base· ✓ Closed at 25:30 · 0t walls · no gate
ChickDuke's base· ✓ Closed at 35:32 · 35t walls · no gate
atouminou's base· ✓ Closed at 21:28 · 23t walls · 2 gate(s)
JoseCera's base· ✓ Closed at 22:58 · 32t walls · no gate
Scanderbeg^ReX¬ALBANIE's base· ✓ Closed at 24:39 · 23t walls · 2 gate(s)
Dj Fuji's base· ✓ Closed at 22:10 · 87t walls · no gate
Smoothed initial terrain · ◌ = detected wall gap · hover for details
Inputs per minute
— Degolador - - fatplumb
Build order — Degolador
First 150 of 384 actions detected
| 0:08 | Build | House |
| 0:15 | Build | House |
| 0:39 | Create | Villager (Male) |
| 0:39 | Create | Villager (Male) |
| 0:40 | Create | Villager (Male) |
| 0:40 | Create | Villager (Male) |
| 1:40 | Build | Lumber Camp |
| 3:30 | Create | Villager (Male) |
| 3:30 | Create | Villager (Male) |
| 4:09 | Build | House |
| 5:02 | Create | Villager (Male) |
| 5:03 | Create | Villager (Male) |
| 5:04 | Create | Villager (Male) |
| 5:06 | Create | Villager (Male) |
| 5:40 | Build | Mill |
| 8:03 | Create | Villager (Male) |
| 8:04 | Create | Villager (Male) |
| 8:06 | Create | Villager (Male) |
| 9:27 | Build | Mining Camp |
| 10:39 | Research | Feudal Age |
| 12:49 | Age | Feudal Age |
| 13:34 | Build | Farm |
| 13:42 | Build | Farm |
| 13:49 | Research | Double-Bit Axe |
| 14:06 | Build | Market |
| 14:17 | Research | Wheelbarrow |
| 14:37 | Build | House |
| 14:43 | Build | House |
| 14:55 | Create | Villager (Male) |
| 14:55 | Create | Villager (Male) |
| 14:55 | Create | Villager (Male) |
| 15:58 | Build | Farm |
| 16:06 | Build | Farm |
| 17:16 | Create | Trade Cart |
| 17:25 | Create | Villager (Male) |
| 17:26 | Create | Villager (Male) |
| 17:26 | Create | Villager (Male) |
| 17:27 | Create | Villager (Male) |
| 18:10 | Build | Mining Camp |
| 18:26 | Create | Villager (Male) |
| 18:26 | Create | Villager (Male) |
| 18:27 | Create | Villager (Male) |
| 18:48 | Build | Farm |
| 19:16 | Build | Farm |
| 20:04 | Build | Barracks |
| 20:21 | Build | Farm |
| 20:34 | Build | House |
| 20:56 | Create | Villager (Male) |
| 20:56 | Create | Villager (Male) |
| 20:57 | Create | Villager (Male) |
| 20:57 | Create | Villager (Male) |
| 20:58 | Create | Villager (Male) |
| 21:00 | Create | Villager (Male) |
| 21:05 | Create | Trade Cart |
| 21:43 | Build | Stable |
| 22:05 | Build | Farm |
| 22:49 | Build | Farm |
| 23:10 | Build | Blacksmith |
| 23:31 | Create | Trade Cart |
| 23:48 | Build | House |
| 24:31 | Create | Villager (Male) |
| 24:31 | Create | Villager (Male) |
| 24:32 | Create | Villager (Male) |
| 24:33 | Create | Villager (Male) |
| 24:53 | Build | House |
| 25:21 | Research | Castle Age |
| 25:38 | Research | Scale Barding Armor |
| 26:18 | Build | House |
| 26:23 | Build | House |
| 26:25 | Build | House |
| 26:27 | Build | House |
| 26:29 | Build | House |
| 26:40 | Create | Trade Cart |
| 26:42 | Create | Trade Cart |
| 26:43 | Create | Trade Cart |
| 27:08 | Research | Forging |
| 27:40 | Build | Farm |
| 27:50 | Build | Farm |
| 28:07 | Research | Gold Mining |
| 28:07 | Research | Stone Mining |
| 28:36 | Build | Lumber Camp |
| 28:51 | Age | Castle Age |
| 29:02 | Build | Stable |
| 29:23 | Research | Caravan |
| 29:33 | Research | Hand Cart |
| 30:00 | Create | Knight |
| 30:01 | Create | Knight |
| 30:01 | Create | Knight |
| 30:19 | Build | Castle |
| 30:38 | Create | Villager (Male) |
| 30:39 | Create | Villager (Male) |
| 30:39 | Create | Villager (Male) |
| 31:45 | Build | Farm |
| 31:54 | Build | Farm |
| 32:04 | Build | Farm |
| 32:18 | Build | Farm |
| 32:30 | Build | Farm |
| 32:50 | Create | Villager (Male) |
| 32:50 | Create | Villager (Male) |
| 32:51 | Create | Villager (Male) |
| 32:52 | Create | Villager (Male) |
| 32:58 | Research | Husbandry |
| 33:03 | Create | Knight |
| 33:03 | Create | Knight |
| 33:04 | Create | Knight |
| 33:05 | Create | Knight |
| 33:07 | Create | Knight |
| 33:36 | Build | Town Center |
| 33:54 | Research | Gold Shaft Mining |
| 33:58 | Research | Chain Barding Armor |
| 34:06 | Create | Trade Cart |
| 34:07 | Create | Trade Cart |
| 34:07 | Create | Trade Cart |
| 35:56 | Research | Light Cavalry (upgrade) |
| 36:17 | Create | Villager (Male) ×5 |
| 36:18 | Create | Villager (Male) ×5 |
| 36:18 | Create | Villager (Male) ×3 |
| 36:32 | Build | House |
| 36:36 | Build | House |
| 36:40 | Build | House |
| 36:41 | Build | House |
| 36:43 | Build | House |
| 36:54 | Create | Villager (Male) |
| 36:54 | Create | Villager (Male) |
| 36:54 | Create | Villager (Male) |
| 36:55 | Create | Villager (Male) |
| 36:55 | Create | Villager (Male) |
| 37:14 | Build | Monastery |
| 37:22 | Create | Throwing Axeman |
| 37:23 | Create | Throwing Axeman |
| 37:24 | Create | Throwing Axeman |
| 37:25 | Create | Throwing Axeman |
| 37:35 | Build | Farm |
| 38:11 | Create | Knight |
| 38:11 | Create | Knight |
| 38:12 | Create | Knight |
| 38:12 | Create | Knight |
| 38:16 | Create | Monk |
| 38:23 | Build | Farm |
| 38:34 | Research | Bow Saw |
| 38:39 | Create | Trade Cart |
| 38:52 | Build | Farm |
| 38:58 | Build | Farm |
| 39:02 | Build | Farm |
| 39:45 | Research | Bearded Axe |
| 40:01 | Build | University |
| 40:08 | Research | Iron Casting |
| 40:21 | Build | Farm |
| 40:25 | Build | Farm |
| 40:52 | Build | Stable |
Build order — fatplumb
First 150 of 301 actions detected
| 0:20 | Build | House |
| 0:21 | Build | House |
| 0:22 | Build | House |
| 0:23 | Build | House |
| 0:28 | Build | House |
| 0:41 | Create | Villager (Male) ×4 |
| 2:12 | Create | Villager (Male) |
| 2:48 | Create | Villager (Male) |
| 2:48 | Create | Villager (Male) |
| 2:48 | Create | Villager (Male) |
| 2:48 | Create | Villager (Male) |
| 3:17 | Create | Villager (Male) |
| 3:18 | Create | Villager (Male) |
| 3:18 | Create | Villager (Male) |
| 3:32 | Research | Loom |
| 4:09 | Build | Palisade Wall |
| 4:32 | Create | Villager (Male) |
| 4:32 | Create | Villager (Male) |
| 4:32 | Create | Villager (Male) |
| 4:59 | Create | Villager (Male) |
| 4:59 | Create | Villager (Male) |
| 5:26 | Build | Mining Camp |
| 5:48 | Create | Villager (Male) ×3 |
| 6:39 | Create | Villager (Male) |
| 6:39 | Create | Villager (Male) |
| 7:36 | Build | Lumber Camp |
| 8:18 | Create | Villager (Male) |
| 8:37 | Create | Villager (Male) |
| 9:07 | Create | Villager (Male) |
| 9:23 | Build | Barracks |
| 11:03 | Build | Mining Camp |
| 11:10 | Build | Mining Camp |
| 11:15 | Research | Feudal Age |
| 13:05 | Build | Mill |
| 13:25 | Age | Feudal Age |
| 13:28 | Build | Farm |
| 13:31 | Build | Farm |
| 13:45 | Build | Farm |
| 14:43 | Build | Blacksmith |
| 15:19 | Build | Farm |
| 15:21 | Build | Farm |
| 15:45 | Build | Stone Wall |
| 16:06 | Build | Archery Range |
| 16:18 | Build | Farm |
| 16:35 | Build | Farm |
| 19:06 | Research | Castle Age |
| 20:04 | Build | Archery Range |
| 20:52 | Research | Fletching |
| 21:13 | Create | Villager (Male) |
| 21:13 | Create | Villager (Male) |
| 21:13 | Create | Villager (Male) |
| 21:46 | Age | Castle Age |
| 21:50 | Create | Cavalry Archer ×5 |
| 21:53 | Create | Cavalry Archer ×5 |
| 22:09 | Research | Bodkin Arrow |
| 22:20 | Build | Town Center |
| 23:13 | Build | Town Center |
| 23:21 | Create | Villager (Male) |
| 23:21 | Create | Villager (Male) |
| 23:25 | Build | House |
| 23:48 | Build | House |
| 25:13 | Research | Thumb Ring |
| 25:40 | Build | Castle |
| 26:03 | Research | Town Watch |
| 26:32 | Create | Villager (Male) |
| 26:33 | Create | Villager (Male) |
| 27:15 | Create | Villager (Male) |
| 27:15 | Create | Villager (Male) |
| 27:33 | Build | Farm |
| 27:34 | Build | Farm |
| 28:23 | Build | Farm |
| 28:28 | Build | Farm |
| 28:31 | Research | Wheelbarrow |
| 28:59 | Build | Mining Camp |
| 29:13 | Research | Double-Bit Axe |
| 29:29 | Create | Villager (Male) |
| 29:29 | Create | Villager (Male) |
| 30:32 | Create | Villager (Male) |
| 30:32 | Create | Villager (Male) |
| 30:39 | Create | Villager (Male) |
| 30:40 | Create | Villager (Male) |
| 31:20 | Build | University |
| 31:31 | Research | Horse Collar |
| 31:38 | Build | Farm |
| 32:00 | Create | Villager (Male) |
| 32:30 | Build | Monastery |
| 32:36 | Build | Farm |
| 33:12 | Create | Villager (Male) |
| 33:13 | Create | Villager (Male) |
| 33:17 | Create | Monk |
| 33:41 | Build | Market |
| 33:48 | Build | Lumber Camp |
| 33:56 | Build | Farm |
| 34:18 | Build | Farm |
| 34:23 | Create | Villager (Male) |
| 34:23 | Create | Villager (Male) |
| 34:24 | Create | Villager (Male) |
| 34:59 | Build | Farm |
| 35:20 | Build | Farm |
| 35:44 | Research | Imperial Age |
| 35:52 | Build | Farm |
| 36:46 | Research | Hand Cart |
| 37:06 | Create | Villager (Male) |
| 37:06 | Create | Villager (Male) |
| 37:06 | Create | Villager (Male) |
| 37:12 | Create | Villager (Male) |
| 37:14 | Create | Villager (Male) |
| 37:16 | Create | Villager (Male) |
| 38:16 | Build | Farm |
| 38:38 | Build | Farm |
| 38:52 | Create | Villager (Male) |
| 38:53 | Create | Villager (Male) |
| 38:54 | Age | Imperial Age |
| 39:02 | Research | Ballistics |
| 39:06 | Research | Bracer |
| 39:10 | Build | Farm |
| 39:19 | Create | Villager (Male) |
| 39:19 | Create | Villager (Male) |
| 39:19 | Create | Villager (Male) |
| 39:35 | Create | Trebuchet (Packed) |
| 39:52 | Create | Trebuchet (Packed) |
| 40:15 | Build | Farm |
| 40:18 | Build | Farm |
| 40:36 | Create | Villager (Male) |
| 40:37 | Create | Villager (Male) |
| 41:10 | Research | Artillery |
| 41:13 | Research | Sipahi |
| 41:19 | Build | Farm |
| 41:24 | Create | Villager (Male) |
| 42:08 | Build | Farm |
| 42:55 | Build | Siege Workshop |
| 42:58 | Build | Siege Workshop |
| 43:14 | Research | Parthian Tactics |
| 43:14 | Research | Heavy Cavalry Archer (upgrade) |
| 43:27 | Research | Caravan |
| 44:10 | Research | Heavy Plow |
| 44:23 | Create | Cavalry Archer ×5 |
| 44:52 | Build | Siege Workshop |
| 45:00 | Build | Siege Workshop |
| 46:15 | Create | Bombard Cannon |
| 46:23 | Create | Bombard Cannon |
| 46:39 | Research | Bow Saw |
| 47:48 | Build | House |
| 47:50 | Build | House |
| 47:51 | Build | House |
| 47:52 | Build | House |
| 47:54 | Build | House |
| 47:55 | Build | House |
| 47:56 | Build | House |
| 47:57 | Build | House |
Build order — Negraxa
First 150 of 742 actions detected
| 0:12 | Create | Villager (Male) |
| 0:12 | Create | Villager (Male) |
| 0:12 | Create | Villager (Male) |
| 0:12 | Create | Villager (Male) |
| 1:33 | Create | Villager (Male) |
| 1:33 | Create | Villager (Male) |
| 3:27 | Create | Villager (Male) |
| 3:27 | Create | Villager (Male) |
| 4:11 | Build | Mill |
| 4:42 | Create | Villager (Male) |
| 4:42 | Create | Villager (Male) |
| 4:42 | Create | Villager (Male) |
| 4:45 | Create | Villager (Male) |
| 6:28 | Create | Villager (Male) |
| 6:28 | Create | Villager (Male) |
| 7:33 | Build | Lumber Camp |
| 9:14 | Research | Feudal Age |
| 9:37 | Create | Villager (Male) |
| 9:37 | Create | Villager (Male) |
| 10:09 | Build | Farm |
| 10:12 | Build | Farm |
| 10:15 | Build | Farm |
| 10:16 | Build | Farm |
| 10:19 | Build | Farm |
| 11:24 | Age | Feudal Age |
| 11:59 | Build | Farm |
| 12:01 | Build | Farm |
| 12:05 | Build | Farm |
| 12:07 | Build | Farm |
| 12:50 | Research | Double-Bit Axe |
| 12:59 | Build | Farm |
| 13:35 | Build | Farm |
| 13:48 | Create | Villager (Male) |
| 13:48 | Create | Villager (Male) |
| 13:48 | Create | Villager (Male) |
| 13:48 | Create | Villager (Male) |
| 13:49 | Create | Villager (Male) |
| 13:49 | Create | Villager (Male) |
| 14:08 | Build | Farm |
| 15:21 | Build | Market |
| 16:15 | Create | Villager (Male) |
| 16:16 | Create | Villager (Male) |
| 16:16 | Create | Villager (Male) |
| 16:17 | Create | Villager (Male) |
| 16:22 | Research | Horse Collar |
| 16:46 | Build | Barracks |
| 17:45 | Build | Mining Camp |
| 17:51 | Create | Villager (Male) |
| 17:52 | Create | Villager (Male) |
| 17:52 | Create | Villager (Male) |
| 17:52 | Create | Villager (Male) |
| 18:25 | Build | Blacksmith |
| 19:23 | Build | Stable |
| 19:27 | Build | Stable |
| 19:30 | Build | Stable |
| 19:35 | Build | Stable |
| 19:39 | Build | Stable |
| 19:55 | Create | Villager (Male) |
| 19:56 | Create | Villager (Male) |
| 19:56 | Create | Villager (Male) |
| 19:56 | Create | Villager (Male) |
| 19:56 | Create | Villager (Male) |
| 19:58 | Create | Villager (Male) |
| 19:58 | Create | Villager (Male) |
| 20:30 | Build | Farm |
| 20:54 | Build | Farm |
| 20:57 | Research | Castle Age |
| 21:19 | Build | Farm |
| 21:44 | Build | Farm |
| 22:09 | Build | Farm |
| 22:41 | Build | Farm |
| 23:04 | Build | Farm |
| 23:29 | Build | Mining Camp |
| 24:37 | Create | Villager (Male) |
| 24:37 | Create | Villager (Male) |
| 24:38 | Create | Villager (Male) |
| 24:38 | Create | Villager (Male) |
| 24:39 | Research | Wheelbarrow |
| 25:30 | Age | Castle Age |
| 25:54 | Build | Town Center |
| 26:28 | Research | Bow Saw |
| 26:34 | Research | Scale Barding Armor |
| 26:44 | Research | Gold Mining |
| 26:48 | Research | Stone Mining |
| 27:22 | Create | Villager (Male) |
| 27:22 | Create | Villager (Male) |
| 27:23 | Create | Villager (Male) |
| 27:23 | Create | Villager (Male) |
| 27:23 | Create | Villager (Male) |
| 27:23 | Create | Villager (Male) |
| 27:24 | Create | Villager (Male) |
| 27:25 | Create | Villager (Male) |
| 27:30 | Create | Villager (Male) |
| 27:50 | Research | Heavy Plow |
| 28:22 | Create | Villager (Male) |
| 28:22 | Create | Villager (Male) |
| 28:23 | Create | Villager (Male) |
| 28:23 | Create | Villager (Male) |
| 28:23 | Create | Villager (Male) |
| 28:24 | Create | Villager (Male) |
| 28:24 | Create | Villager (Male) |
| 28:24 | Create | Villager (Male) |
| 28:24 | Create | Villager (Male) |
| 28:46 | Research | Caravan |
| 28:51 | Create | Trade Cart |
| 28:51 | Create | Trade Cart |
| 28:51 | Create | Trade Cart |
| 28:51 | Create | Trade Cart |
| 28:52 | Create | Trade Cart |
| 28:52 | Create | Trade Cart |
| 28:52 | Create | Trade Cart |
| 28:52 | Create | Trade Cart |
| 28:53 | Create | Trade Cart |
| 28:53 | Create | Trade Cart |
| 28:53 | Create | Trade Cart |
| 28:53 | Create | Trade Cart |
| 29:12 | Build | Farm |
| 29:45 | Build | Farm |
| 30:02 | Build | Farm |
| 30:12 | Build | Farm |
| 30:34 | Build | Monastery |
| 30:46 | Build | Farm |
| 31:04 | Create | Villager (Male) |
| 31:04 | Create | Villager (Male) |
| 31:13 | Research | Husbandry |
| 31:24 | Create | Monk |
| 31:25 | Create | Monk |
| 31:25 | Create | Monk |
| 31:58 | Build | Farm |
| 32:03 | Build | Farm |
| 32:11 | Build | Farm |
| 32:18 | Build | Farm |
| 32:35 | Research | Chain Barding Armor |
| 32:55 | Create | Villager (Male) |
| 32:55 | Create | Villager (Male) |
| 32:55 | Create | Villager (Male) |
| 32:56 | Create | Villager (Male) |
| 32:56 | Create | Villager (Male) |
| 32:56 | Create | Villager (Male) |
| 32:56 | Create | Villager (Male) |
| 32:56 | Create | Villager (Male) |
| 32:57 | Create | Villager (Male) |
| 33:25 | Create | Knight |
| 33:25 | Create | Knight |
| 33:25 | Create | Knight |
| 33:26 | Create | Knight |
| 33:26 | Create | Knight |
| 33:26 | Create | Knight |
| 33:27 | Create | Knight |
| 33:27 | Create | Knight |
Build order — ChickDuke
First 150 of 460 actions detected
| 0:10 | Create | Villager (Male) |
| 0:16 | Build | House |
| 0:22 | Create | Villager (Male) |
| 0:22 | Create | Villager (Male) |
| 0:23 | Create | Villager (Male) |
| 0:31 | Build | House |
| 1:23 | Build | Palisade Wall |
| 2:19 | Build | Palisade Wall |
| 2:48 | Build | Palisade Wall |
| 3:14 | Build | Palisade Wall |
| 5:08 | Create | Villager (Male) |
| 5:08 | Create | Villager (Male) |
| 5:53 | Create | Villager (Male) |
| 5:53 | Create | Villager (Male) |
| 6:08 | Research | Loom |
| 7:22 | Build | Palisade Wall |
| 7:32 | Build | Palisade Wall |
| 7:53 | Create | Villager (Male) |
| 7:53 | Create | Villager (Male) |
| 7:53 | Create | Villager (Male) |
| 7:55 | Create | Villager (Male) |
| 7:56 | Create | Villager (Male) |
| 7:56 | Create | Villager (Male) |
| 7:56 | Create | Villager (Male) |
| 8:52 | Build | Lumber Camp |
| 9:13 | Create | Villager (Male) |
| 9:14 | Create | Villager (Male) |
| 9:38 | Build | Palisade Wall |
| 10:16 | Build | Mill |
| 10:58 | Build | House |
| 11:15 | Build | House |
| 11:38 | Create | Villager (Male) |
| 11:38 | Create | Villager (Male) |
| 11:38 | Create | Villager (Male) |
| 11:39 | Create | Villager (Male) |
| 11:39 | Create | Villager (Male) |
| 11:57 | Build | Farm |
| 11:57 | Build | Farm |
| 11:57 | Build | Farm |
| 13:05 | Build | Farm |
| 13:32 | Build | Farm |
| 13:46 | Build | Farm |
| 13:47 | Build | Farm |
| 13:50 | Build | Farm |
| 14:07 | Build | Farm |
| 15:04 | Build | Lumber Camp |
| 15:10 | Create | Villager (Male) |
| 15:10 | Create | Villager (Male) |
| 15:11 | Create | Villager (Male) |
| 15:11 | Create | Villager (Male) |
| 15:11 | Create | Villager (Male) |
| 15:12 | Create | Villager (Male) |
| 15:12 | Create | Villager (Male) |
| 15:12 | Create | Villager (Male) |
| 15:34 | Build | Farm |
| 16:12 | Build | Lumber Camp |
| 17:17 | Research | Feudal Age |
| 17:21 | Create | Villager (Male) |
| 17:21 | Create | Villager (Male) |
| 17:21 | Create | Villager (Male) |
| 17:22 | Create | Villager (Male) |
| 17:33 | Build | Farm |
| 17:40 | Build | Farm |
| 17:41 | Build | Farm |
| 17:42 | Build | Farm |
| 17:48 | Create | Villager (Male) |
| 17:49 | Create | Villager (Male) |
| 18:54 | Create | Villager (Male) |
| 18:54 | Create | Villager (Male) |
| 19:10 | Build | Mining Camp |
| 19:27 | Create | Villager (Male) |
| 19:27 | Create | Villager (Male) |
| 19:28 | Create | Villager (Male) |
| 19:28 | Create | Villager (Male) |
| 19:28 | Create | Villager (Male) |
| 19:30 | Age | Feudal Age |
| 20:22 | Build | Farm |
| 20:24 | Build | Farm |
| 20:26 | Build | Farm |
| 20:29 | Build | Farm |
| 20:31 | Build | Farm |
| 20:52 | Build | Farm |
| 21:13 | Build | House |
| 21:15 | Build | House |
| 21:22 | Build | House |
| 21:23 | Build | House |
| 21:24 | Build | House |
| 21:57 | Research | Double-Bit Axe |
| 24:28 | Research | Gold Mining |
| 25:04 | Build | Farm |
| 25:08 | Build | Farm |
| 25:49 | Build | Farm |
| 26:06 | Build | Farm |
| 26:37 | Build | Farm |
| 26:41 | Research | Wheelbarrow |
| 26:44 | Create | Villager (Male) |
| 26:44 | Create | Villager (Male) |
| 26:45 | Create | Villager (Male) |
| 26:45 | Create | Villager (Male) |
| 26:45 | Create | Villager (Male) |
| 26:46 | Create | Villager (Male) |
| 27:06 | Build | Blacksmith |
| 27:41 | Build | Barracks |
| 29:13 | Create | Villager (Male) |
| 29:13 | Create | Villager (Male) |
| 29:21 | Build | House |
| 29:23 | Build | House |
| 29:25 | Build | House |
| 29:27 | Build | House |
| 29:30 | Build | House |
| 29:32 | Build | House |
| 29:59 | Build | Market |
| 30:20 | Research | Forging |
| 30:21 | Research | Scale Mail Armor |
| 30:23 | Research | Scale Barding Armor |
| 30:31 | Research | Man-at-Arms (upgrade) |
| 31:12 | Build | Barracks |
| 31:23 | Build | Archery Range |
| 31:41 | Build | Archery Range |
| 31:59 | Build | Archery Range |
| 32:06 | Build | Archery Range |
| 32:29 | Research | Stone Mining |
| 32:42 | Build | Mining Camp |
| 32:52 | Research | Castle Age |
| 32:55 | Create | Villager (Male) |
| 32:56 | Create | Villager (Male) |
| 32:56 | Create | Villager (Male) |
| 32:56 | Create | Villager (Male) |
| 32:56 | Create | Villager (Male) |
| 32:57 | Create | Villager (Male) |
| 32:59 | Research | Town Watch |
| 33:01 | Create | Villager (Male) |
| 33:01 | Create | Villager (Male) |
| 33:01 | Create | Villager (Male) |
| 33:01 | Create | Villager (Male) |
| 33:38 | Create | Trade Cart |
| 33:38 | Create | Trade Cart |
| 33:38 | Create | Trade Cart |
| 33:39 | Create | Trade Cart |
| 33:39 | Create | Trade Cart |
| 33:39 | Create | Trade Cart |
| 33:39 | Create | Trade Cart |
| 33:40 | Create | Trade Cart |
| 34:38 | Build | Lumber Camp |
| 34:46 | Build | Lumber Camp |
| 35:20 | Create | Villager (Male) |
| 35:21 | Create | Villager (Male) |
| 35:21 | Create | Villager (Male) |
| 35:32 | Age | Castle Age |
| 35:40 | Research | Bow Saw |
Build order — atouminou
First 150 of 532 actions detected
| 0:03 | Create | Villager (Male) |
| 0:03 | Create | Villager (Male) |
| 0:03 | Create | Villager (Male) |
| 0:09 | Build | House |
| 0:12 | Build | House |
| 1:07 | Create | Villager (Male) |
| 1:07 | Create | Villager (Male) |
| 1:39 | Research | Loom |
| 2:06 | Create | Villager (Male) |
| 2:06 | Create | Villager (Male) |
| 2:33 | Build | House |
| 2:34 | Build | House |
| 2:41 | Create | Villager (Male) |
| 2:41 | Create | Villager (Male) |
| 2:42 | Create | Villager (Male) |
| 3:15 | Create | Villager (Male) |
| 3:16 | Create | Villager (Male) |
| 3:51 | Create | Villager (Male) |
| 3:52 | Create | Villager (Male) |
| 3:52 | Create | Villager (Male) |
| 4:37 | Create | Villager (Male) |
| 4:37 | Create | Villager (Male) |
| 5:00 | Create | Villager (Male) |
| 5:01 | Create | Villager (Male) |
| 5:01 | Create | Villager (Male) |
| 5:28 | Build | House |
| 5:29 | Build | House |
| 5:40 | Build | House |
| 5:48 | Create | Villager (Male) |
| 5:49 | Create | Villager (Male) |
| 6:02 | Create | Villager (Male) |
| 6:03 | Create | Villager (Male) |
| 6:03 | Create | Villager (Male) |
| 6:38 | Build | Palisade Wall |
| 6:54 | Create | Villager (Male) |
| 6:54 | Create | Villager (Male) |
| 7:11 | Build | Mill |
| 8:00 | Build | Mill |
| 8:57 | Create | Villager (Male) |
| 8:57 | Create | Villager (Male) |
| 8:57 | Create | Villager (Male) |
| 9:06 | Build | Mill |
| 9:15 | Create | Villager (Male) |
| 9:15 | Create | Villager (Male) |
| 10:01 | Create | Villager (Male) |
| 11:11 | Create | Villager (Male) |
| 11:12 | Create | Villager (Male) |
| 11:29 | Create | Villager (Male) |
| 11:29 | Create | Villager (Male) |
| 11:43 | Create | Villager (Male) |
| 11:43 | Create | Villager (Male) |
| 11:53 | Build | Dock |
| 12:03 | Create | Villager (Male) |
| 12:39 | Research | Feudal Age |
| 13:10 | Create | Villager (Male) |
| 13:10 | Create | Villager (Male) |
| 13:51 | Build | Lumber Camp |
| 14:00 | Create | Villager (Male) |
| 14:34 | Build | House |
| 14:52 | Age | Feudal Age |
| 14:54 | Build | Mining Camp |
| 14:57 | Research | Horse Collar |
| 15:00 | Research | Double-Bit Axe |
| 15:29 | Build | House |
| 15:33 | Build | House |
| 15:55 | Build | Lumber Camp |
| 15:58 | Create | Fishing Ship |
| 15:59 | Create | Fishing Ship |
| 16:03 | Create | Villager (Male) |
| 16:16 | Create | Villager (Male) |
| 16:17 | Create | Villager (Male) |
| 16:45 | Build | Barracks |
| 16:57 | Build | Blacksmith |
| 17:04 | Build | House |
| 17:05 | Build | House |
| 17:08 | Build | House |
| 17:18 | Create | Villager (Male) |
| 17:24 | Create | Fishing Ship |
| 17:25 | Create | Fishing Ship |
| 17:47 | Build | Stable |
| 17:52 | Create | Villager (Male) |
| 18:00 | Build | Mining Camp |
| 18:09 | Research | Stone Mining |
| 18:23 | Research | Town Watch |
| 18:27 | Research | Castle Age |
| 18:42 | Build | Outpost |
| 18:53 | Build | Outpost |
| 19:14 | Create | Fishing Ship |
| 19:14 | Create | Fishing Ship |
| 19:14 | Create | Fishing Ship |
| 19:15 | Create | Fishing Ship |
| 19:22 | Build | Farm |
| 19:22 | Build | Farm |
| 19:22 | Build | Farm |
| 19:24 | Build | Farm |
| 19:35 | Build | Palisade Wall |
| 19:45 | Build | Gate |
| 20:24 | Create | Villager (Male) |
| 20:24 | Create | Villager (Male) |
| 20:51 | Build | Stone Wall |
| 20:59 | Build | Gate |
| 21:08 | Create | Villager (Male) |
| 21:08 | Create | Villager (Male) |
| 21:16 | Research | Tech 906 |
| 21:28 | Age | Castle Age |
| 21:50 | Build | Outpost |
| 22:05 | Build | Town Center |
| 22:14 | Build | Town Center |
| 22:23 | Research | Bow Saw |
| 22:36 | Build | Fish Trap |
| 22:38 | Build | Fish Trap |
| 22:39 | Build | Fish Trap |
| 22:40 | Build | Fish Trap |
| 22:42 | Build | Fish Trap |
| 22:45 | Research | Gillnets |
| 22:50 | Build | Fish Trap |
| 22:51 | Build | Fish Trap |
| 22:53 | Build | Fish Trap |
| 23:21 | Build | Castle |
| 23:45 | Build | Fish Trap |
| 23:46 | Build | Fish Trap |
| 23:47 | Build | Fish Trap |
| 24:10 | Create | Villager (Male) |
| 24:11 | Create | Villager (Male) |
| 24:21 | Create | Villager (Male) |
| 24:21 | Create | Villager (Male) |
| 24:22 | Create | Villager (Male) |
| 24:38 | Build | Market |
| 24:46 | Create | Villager (Male) |
| 24:46 | Create | Villager (Male) |
| 25:02 | Build | Farm |
| 25:02 | Build | Farm |
| 25:02 | Build | Farm |
| 25:03 | Build | Farm |
| 25:05 | Build | Farm |
| 25:09 | Build | Farm |
| 25:15 | Create | Villager (Male) |
| 25:15 | Create | Villager (Male) |
| 25:21 | Build | Lumber Camp |
| 25:25 | Create | Villager (Male) |
| 25:25 | Create | Villager (Male) |
| 26:04 | Build | Stone Wall |
| 26:15 | Build | Gate |
| 26:35 | Build | Farm |
| 26:35 | Build | Farm |
| 26:35 | Build | Farm |
| 26:35 | Build | Farm |
| 26:35 | Build | Farm |
| 26:36 | Build | Farm |
| 26:39 | Create | Villager (Male) |
Build order — JoseCera
First 150 of 559 actions detected
| 0:10 | Build | House |
| 0:24 | Create | Villager (Male) |
| 0:24 | Create | Villager (Male) |
| 0:24 | Create | Villager (Male) |
| 0:25 | Create | Villager (Male) |
| 0:25 | Create | Villager (Male) |
| 0:46 | Research | Loom |
| 0:47 | Create | Villager (Male) ×3 |
| 1:20 | Build | Palisade Wall |
| 2:45 | Build | Palisade Wall |
| 3:11 | Create | Villager (Male) |
| 3:11 | Create | Villager (Male) |
| 3:11 | Create | Villager (Male) |
| 3:42 | Build | House |
| 3:48 | Build | House |
| 4:23 | Build | House |
| 4:27 | Build | House |
| 4:43 | Create | Villager (Male) |
| 4:43 | Create | Villager (Male) |
| 4:44 | Create | Villager (Male) |
| 4:44 | Create | Villager (Male) |
| 5:58 | Build | Palisade Wall |
| 6:09 | Create | Villager (Male) |
| 6:09 | Create | Villager (Male) |
| 7:00 | Build | Mill |
| 7:11 | Build | House |
| 7:44 | Create | Villager (Male) |
| 7:45 | Create | Villager (Male) |
| 7:45 | Create | Villager (Male) |
| 7:45 | Create | Villager (Male) |
| 7:46 | Create | Villager (Male) |
| 8:05 | Build | Lumber Camp |
| 8:36 | Build | House |
| 8:37 | Build | House |
| 9:23 | Create | Villager (Male) |
| 9:42 | Build | House |
| 9:52 | Create | Villager (Male) |
| 10:28 | Create | Villager (Male) |
| 11:11 | Research | Feudal Age |
| 12:53 | Create | Villager (Male) |
| 12:53 | Create | Villager (Male) |
| 12:54 | Create | Villager (Male) |
| 12:54 | Create | Villager (Male) |
| 12:54 | Create | Villager (Male) |
| 13:21 | Age | Feudal Age |
| 13:55 | Build | Mining Camp |
| 14:04 | Build | Mining Camp |
| 14:22 | Create | Villager (Male) |
| 14:22 | Create | Villager (Male) |
| 14:49 | Build | Farm |
| 14:50 | Build | Farm |
| 14:50 | Build | Farm |
| 14:50 | Build | Farm |
| 14:50 | Build | Farm |
| 14:51 | Build | Farm |
| 14:51 | Build | Farm |
| 14:51 | Build | Farm |
| 14:52 | Build | Farm |
| 14:55 | Build | Farm |
| 15:16 | Build | Blacksmith |
| 15:28 | Build | Market |
| 15:40 | Build | Farm |
| 15:43 | Build | Farm |
| 15:46 | Build | Farm |
| 15:53 | Research | Double-Bit Axe |
| 15:59 | Research | Horse Collar |
| 16:58 | Create | Villager (Male) |
| 16:58 | Create | Villager (Male) |
| 16:59 | Create | Villager (Male) |
| 16:59 | Create | Villager (Male) |
| 16:59 | Create | Villager (Male) |
| 16:59 | Create | Villager (Male) |
| 17:44 | Build | Farm |
| 17:57 | Build | Farm |
| 18:25 | Build | Farm |
| 18:42 | Build | Farm |
| 19:01 | Research | Wheelbarrow |
| 19:07 | Build | Farm |
| 19:22 | Build | Farm |
| 19:42 | Build | Barracks |
| 19:56 | Create | Villager (Male) |
| 20:08 | Research | Castle Age |
| 20:59 | Build | Mining Camp |
| 21:11 | Build | Mining Camp |
| 22:58 | Age | Castle Age |
| 23:03 | Build | Town Center |
| 23:13 | Create | Villager (Male) |
| 23:13 | Create | Villager (Male) |
| 23:14 | Create | Villager (Male) |
| 23:14 | Create | Villager (Male) |
| 23:14 | Create | Villager (Male) |
| 23:15 | Create | Villager (Male) |
| 23:15 | Create | Villager (Male) |
| 23:15 | Create | Villager (Male) |
| 23:15 | Create | Villager (Male) |
| 23:16 | Create | Villager (Male) |
| 23:17 | Create | Villager (Male) |
| 23:17 | Create | Villager (Male) |
| 23:17 | Create | Villager (Male) |
| 23:18 | Create | Villager (Male) |
| 23:18 | Create | Villager (Male) |
| 23:19 | Create | Villager (Male) |
| 23:21 | Research | Bow Saw |
| 23:27 | Research | Heavy Plow |
| 23:31 | Research | Gold Mining |
| 23:35 | Research | Stone Mining |
| 23:52 | Create | Villager (Male) |
| 23:52 | Create | Villager (Male) |
| 23:52 | Create | Villager (Male) |
| 23:53 | Create | Villager (Male) |
| 23:53 | Create | Villager (Male) |
| 23:53 | Create | Villager (Male) |
| 24:25 | Create | Villager (Male) |
| 24:25 | Create | Villager (Male) |
| 24:26 | Create | Villager (Male) |
| 24:36 | Build | Town Center |
| 25:00 | Create | Villager (Male) |
| 25:01 | Create | Villager (Male) |
| 25:01 | Create | Villager (Male) |
| 25:07 | Research | Caravan |
| 25:08 | Create | Trade Cart ×2 |
| 25:45 | Create | Villager (Male) |
| 25:46 | Create | Villager (Male) |
| 25:46 | Create | Villager (Male) |
| 25:47 | Create | Villager (Male) |
| 26:36 | Create | Villager (Male) |
| 26:37 | Create | Villager (Male) |
| 26:37 | Create | Villager (Male) |
| 26:37 | Create | Villager (Male) |
| 26:38 | Create | Villager (Male) |
| 26:38 | Create | Villager (Male) |
| 26:55 | Build | Farm |
| 27:09 | Create | Villager (Male) |
| 27:09 | Create | Villager (Male) |
| 27:14 | Research | Hand Cart |
| 27:33 | Build | House |
| 27:35 | Build | House |
| 27:35 | Build | House |
| 27:37 | Build | House |
| 27:37 | Build | House |
| 27:47 | Research | Town Watch |
| 27:48 | Create | Villager (Male) ×3 |
| 28:19 | Build | Castle |
| 28:31 | Create | Villager (Male) ×5 |
| 28:31 | Create | Villager (Male) ×5 |
| 28:46 | Create | Villager (Male) ×4 |
| 29:12 | Create | Villager (Male) |
| 29:12 | Create | Villager (Male) |
| 29:32 | Create | Samurai |
| 29:32 | Create | Samurai |
Build order — Scanderbeg^ReX¬ALBANIE
First 150 of 454 actions detected
| 0:04 | Build | House |
| 0:08 | Research | Loom |
| 0:14 | Create | Villager (Male) |
| 0:14 | Create | Villager (Male) |
| 0:16 | Create | Villager (Male) |
| 0:16 | Create | Villager (Male) |
| 0:17 | Create | Villager (Male) |
| 0:36 | Build | House |
| 0:38 | Build | House |
| 0:38 | Build | House |
| 0:44 | Build | House |
| 1:13 | Build | Lumber Camp |
| 2:08 | Create | Villager (Male) |
| 2:40 | Create | Villager (Male) |
| 3:17 | Create | Villager (Male) |
| 3:42 | Create | Villager (Male) |
| 4:11 | Create | Villager (Male) |
| 5:15 | Create | Villager (Male) |
| 5:16 | Create | Villager (Male) |
| 5:16 | Create | Villager (Male) |
| 5:50 | Create | Villager (Male) |
| 5:51 | Create | Villager (Male) |
| 6:23 | Create | Villager (Male) |
| 6:39 | Build | Dock |
| 7:34 | Create | Villager (Male) |
| 7:35 | Create | Villager (Male) |
| 8:03 | Build | House |
| 8:04 | Build | House |
| 8:06 | Create | Fishing Ship |
| 8:06 | Create | Fishing Ship |
| 8:13 | Create | Villager (Male) |
| 8:15 | Create | Villager (Male) |
| 8:16 | Create | Villager (Male) |
| 8:16 | Create | Villager (Male) |
| 9:01 | Create | Villager (Male) |
| 9:04 | Create | Fishing Ship |
| 9:05 | Create | Fishing Ship |
| 10:05 | Build | House |
| 10:07 | Build | House |
| 10:12 | Create | Fishing Ship |
| 10:16 | Research | Double-Bit Axe |
| 10:37 | Research | Wheelbarrow |
| 10:50 | Build | Barracks |
| 11:18 | Build | House |
| 11:24 | Create | Fishing Ship |
| 11:41 | Build | Mill |
| 11:54 | Research | Feudal Age |
| 12:07 | Research | Tech 906 |
| 12:45 | Create | Fishing Ship |
| 13:23 | Build | Outpost |
| 13:39 | Research | Horse Collar |
| 14:05 | Age | Feudal Age |
| 14:09 | Build | Stone Wall |
| 14:13 | Build | Gate |
| 14:18 | Create | Villager (Male) |
| 14:18 | Create | Villager (Male) |
| 14:19 | Create | Villager (Male) |
| 14:20 | Create | Villager (Male) |
| 14:26 | Research | Bow Saw |
| 14:31 | Build | Fish Trap |
| 14:42 | Build | Fish Trap |
| 14:48 | Build | Mining Camp |
| 14:54 | Create | Villager (Male) |
| 15:30 | Research | Gold Mining |
| 15:35 | Create | Villager (Male) |
| 15:46 | Create | Transport Ship |
| 15:52 | Build | Farm |
| 15:55 | Research | Heavy Plow |
| 16:14 | Build | Stone Wall |
| 16:16 | Build | Stone Wall |
| 16:19 | Build | Gate |
| 16:32 | Build | Fish Trap |
| 16:39 | Build | Fish Trap |
| 16:45 | Build | Fish Trap |
| 16:48 | Build | Fish Trap |
| 16:50 | Create | Villager (Male) |
| 16:51 | Create | Villager (Male) |
| 17:10 | Research | Gold Shaft Mining |
| 17:16 | Build | Farm |
| 17:18 | Build | Farm |
| 17:21 | Build | Farm |
| 17:26 | Create | Villager (Male) |
| 17:26 | Create | Villager (Male) |
| 17:27 | Create | Villager (Male) |
| 17:33 | Build | Lumber Camp |
| 18:08 | Build | Farm |
| 18:10 | Build | Farm |
| 18:13 | Build | Farm |
| 18:16 | Build | Farm |
| 18:17 | Create | Villager (Male) |
| 18:20 | Build | Farm |
| 18:23 | Build | Mining Camp |
| 18:27 | Research | Gillnets |
| 18:31 | Create | Villager (Male) |
| 18:36 | Build | Archery Range |
| 18:41 | Build | Stable |
| 18:57 | Create | Villager (Male) |
| 19:07 | Build | Stable |
| 19:56 | Research | Hand Cart |
| 20:26 | Build | Lumber Camp |
| 20:37 | Build | House |
| 20:39 | Build | House |
| 20:40 | Build | House |
| 20:41 | Build | House |
| 20:51 | Create | Fishing Ship |
| 21:06 | Create | Villager (Male) |
| 21:37 | Build | Fish Trap |
| 21:43 | Build | Farm |
| 21:59 | Research | Castle Age |
| 22:03 | Build | Stable |
| 22:05 | Build | Stable |
| 22:07 | Build | Stable |
| 22:24 | Build | Market |
| 22:42 | Create | Fishing Ship |
| 22:43 | Create | Fishing Ship |
| 23:05 | Build | Blacksmith |
| 23:27 | Build | Fish Trap |
| 23:34 | Research | Stone Mining |
| 23:34 | Research | Stone Mining |
| 24:29 | Research | Stone Shaft Mining |
| 24:32 | Create | Villager (Male) |
| 24:33 | Create | Villager (Male) |
| 24:39 | Age | Castle Age |
| 24:40 | Research | Two-Man Saw |
| 24:42 | Research | Crop Rotation |
| 25:05 | Build | University |
| 25:16 | Build | Town Center |
| 25:18 | Create | Villager (Male) |
| 25:20 | Create | Villager (Male) |
| 25:28 | Build | Monastery |
| 25:33 | Create | Villager (Male) |
| 25:38 | Build | Fish Trap |
| 25:47 | Build | Lumber Camp |
| 25:56 | Research | Caravan |
| 26:02 | Create | Villager (Male) |
| 26:15 | Create | Monk |
| 26:33 | Build | Town Center |
| 26:39 | Research | Imperial Age |
| 26:57 | Create | Villager (Male) |
| 26:57 | Create | Villager (Male) |
| 26:58 | Create | Villager (Male) |
| 27:00 | Create | Villager (Male) |
| 27:08 | Research | Treadmill Crane |
| 27:12 | Research | Fortified Wall (upgrade) |
| 27:17 | Build | Siege Workshop |
| 27:52 | Create | Villager (Male) |
| 27:52 | Create | Villager (Male) |
| 28:02 | Research | Husbandry |
| 28:03 | Research | Cavalier (upgrade) |
| 28:09 | Build | Stable |
Build order — Dj Fuji
First 150 of 796 actions detected
| 0:01 | Create | Villager (Male) |
| 0:02 | Research | Loom |
| 0:03 | Create | Villager (Male) |
| 0:03 | Create | Villager (Male) |
| 0:04 | Create | Villager (Male) |
| 0:04 | Create | Villager (Male) |
| 0:40 | Build | Palisade Wall |
| 0:58 | Build | House |
| 0:59 | Build | House |
| 1:28 | Build | Palisade Wall |
| 3:00 | Create | Villager (Male) |
| 3:01 | Create | Villager (Male) |
| 3:24 | Create | Villager (Male) |
| 3:24 | Create | Villager (Male) |
| 3:25 | Create | Villager (Male) |
| 3:58 | Create | Villager (Male) |
| 3:58 | Create | Villager (Male) |
| 3:58 | Create | Villager (Male) |
| 4:17 | Create | Villager (Male) |
| 4:17 | Create | Villager (Male) |
| 4:18 | Create | Villager (Male) |
| 4:34 | Build | Lumber Camp |
| 4:45 | Create | Villager (Male) |
| 4:45 | Create | Villager (Male) |
| 4:53 | Build | House |
| 4:55 | Build | House |
| 5:03 | Create | Villager (Male) |
| 5:04 | Create | Villager (Male) |
| 5:04 | Create | Villager (Male) |
| 6:03 | Create | Villager (Male) |
| 6:04 | Create | Villager (Male) |
| 6:04 | Create | Villager (Male) |
| 6:36 | Create | Villager (Male) |
| 6:36 | Create | Villager (Male) |
| 7:47 | Create | Villager (Male) |
| 7:47 | Create | Villager (Male) |
| 7:47 | Create | Villager (Male) |
| 7:48 | Create | Villager (Male) |
| 7:48 | Create | Villager (Male) |
| 7:48 | Create | Villager (Male) |
| 7:48 | Create | Villager (Male) |
| 7:49 | Create | Villager (Male) |
| 7:49 | Create | Villager (Male) |
| 8:15 | Build | Mill |
| 8:59 | Create | Villager (Male) |
| 9:35 | Build | Mining Camp |
| 9:54 | Create | Villager (Male) |
| 9:54 | Create | Villager (Male) |
| 10:35 | Build | Dock |
| 10:42 | Build | House |
| 10:49 | Create | Villager (Male) |
| 11:27 | Build | Mill |
| 11:44 | Create | Villager (Male) |
| 11:48 | Research | Feudal Age |
| 12:03 | Build | Mining Camp |
| 12:14 | Build | House |
| 12:17 | Create | Fishing Ship |
| 13:14 | Build | House |
| 13:19 | Create | Fishing Ship |
| 13:28 | Build | Mill |
| 14:05 | Create | Fishing Ship |
| 14:30 | Create | Villager (Male) |
| 14:31 | Create | Villager (Male) |
| 14:57 | Age | Feudal Age |
| 15:14 | Build | Stone Wall |
| 15:20 | Create | Villager (Male) |
| 15:20 | Create | Villager (Male) |
| 15:44 | Build | Stone Wall |
| 15:56 | Create | Villager (Male) |
| 16:13 | Build | Market |
| 16:21 | Build | Mining Camp |
| 16:25 | Create | Villager (Male) |
| 16:40 | Create | Fishing Ship |
| 16:47 | Build | Blacksmith |
| 16:53 | Build | House |
| 16:55 | Build | House |
| 16:59 | Create | Villager (Male) |
| 17:03 | Research | Double-Bit Axe |
| 17:52 | Build | Farm |
| 17:53 | Build | Farm |
| 17:54 | Build | Farm |
| 17:56 | Build | Farm |
| 17:58 | Build | Farm |
| 18:03 | Build | Farm |
| 18:07 | Build | Farm |
| 18:10 | Research | Horse Collar |
| 18:13 | Create | Villager (Male) |
| 18:13 | Create | Villager (Male) |
| 18:13 | Create | Villager (Male) |
| 18:25 | Build | House |
| 18:26 | Build | House |
| 18:27 | Build | House |
| 18:51 | Build | House |
| 18:53 | Build | House |
| 18:59 | Create | Villager (Male) |
| 19:16 | Build | Stone Wall |
| 19:27 | Research | Castle Age |
| 19:38 | Create | Fishing Ship |
| 19:53 | Build | House |
| 19:55 | Build | House |
| 19:59 | Build | House |
| 20:01 | Build | House |
| 20:20 | Build | Stone Wall |
| 20:36 | Build | Outpost |
| 20:49 | Build | Outpost |
| 20:57 | Build | Fish Trap |
| 21:07 | Build | Stone Wall |
| 21:46 | Create | Villager (Male) |
| 21:46 | Create | Villager (Male) |
| 21:57 | Create | Trade Cart |
| 22:10 | Age | Castle Age |
| 22:10 | Create | Villager (Male) |
| 22:17 | Build | Town Center |
| 22:19 | Research | Bow Saw |
| 22:28 | Build | Town Center |
| 22:40 | Build | House |
| 22:42 | Build | House |
| 22:43 | Build | House |
| 22:45 | Build | House |
| 22:52 | Build | Fish Trap |
| 23:04 | Create | Villager (Male) |
| 23:04 | Create | Villager (Male) |
| 23:05 | Create | Villager (Male) |
| 23:05 | Create | Villager (Male) |
| 23:05 | Create | Villager (Male) |
| 23:05 | Create | Villager (Male) |
| 23:12 | Build | Fish Trap |
| 23:23 | Build | Stone Wall |
| 23:29 | Build | Fish Trap |
| 23:37 | Create | Villager (Male) |
| 23:56 | Research | Wheelbarrow |
| 24:05 | Create | Villager (Male) |
| 24:05 | Create | Villager (Male) |
| 24:13 | Create | Villager (Male) |
| 24:13 | Create | Villager (Male) |
| 24:28 | Build | House |
| 24:30 | Build | House |
| 24:32 | Build | House |
| 24:35 | Research | Town Watch |
| 24:45 | Build | House |
| 24:47 | Build | House |
| 24:48 | Build | House |
| 25:02 | Build | University |
| 25:08 | Build | House |
| 25:17 | Build | Fish Trap |
| 25:20 | Create | Fishing Ship |
| 25:30 | Build | Mining Camp |
| 25:34 | Create | Villager (Male) |
| 25:35 | Create | Villager (Male) |
| 25:35 | Create | Villager (Male) |
Match timeline
| 0:40 | Dj Fuji · wall_segment Palisade Wall x12 |
| 1:20 | JoseCera · wall_segment Palisade Wall x10 |
| 1:23 | ChickDuke · wall_segment Palisade Wall x12 |
| 1:28 | Dj Fuji · wall_segment Palisade Wall x10 |
| 2:19 | ChickDuke · wall_segment Palisade Wall x5 |
| 2:45 | JoseCera · wall_segment Palisade Wall x10 |
| 2:48 | ChickDuke · wall_segment Palisade Wall x3 |
| 3:14 | ChickDuke · wall_segment Palisade Wall x5 |
| 4:09 | fatplumb · wall_segment Palisade Wall x8 |
| 5:58 | JoseCera · wall_segment Palisade Wall x12 |
| 6:38 | atouminou · wall_segment Palisade Wall x8 |
| 6:39 | Scanderbeg^ReX¬ALBANIE · first_building Dock |
| 7:22 | ChickDuke · wall_segment Palisade Wall x4 |
| 7:32 | ChickDuke · wall_segment Palisade Wall x5 |
| 9:23 | fatplumb · first_building Barracks |
| 9:38 | ChickDuke · wall_segment Palisade Wall x9 |
| 10:35 | Dj Fuji · first_building Dock |
| 10:50 | Scanderbeg^ReX¬ALBANIE · first_building Barracks |
| 11:24 | Negraxa · age_up feudal |
| 11:53 | atouminou · first_building Dock |
| 12:49 | Degolador · age_up feudal |
| 13:21 | JoseCera · age_up feudal |
| 13:25 | fatplumb · age_up feudal |
| 14:05 | Scanderbeg^ReX¬ALBANIE · age_up feudal |
| 14:09 | Scanderbeg^ReX¬ALBANIE · wall_segment Stone Wall x10 |
| 14:52 | atouminou · age_up feudal |
| 14:57 | Dj Fuji · age_up feudal |
| 15:14 | Dj Fuji · wall_segment Stone Wall x17 |
| 15:44 | Dj Fuji · wall_segment Stone Wall x11 |
| 15:45 | fatplumb · wall_segment Stone Wall x17 |
| 16:06 | fatplumb · first_building Archery Range |
| 16:14 | Scanderbeg^ReX¬ALBANIE · wall_segment Stone Wall x11 |
| 16:16 | Scanderbeg^ReX¬ALBANIE · wall_segment Stone Wall x2 |
| 16:45 | atouminou · first_building Barracks |
| 16:46 | Negraxa · first_building Barracks |
| 17:47 | atouminou · first_building Stable |
| 18:36 | Scanderbeg^ReX¬ALBANIE · first_building Archery Range |
| 18:41 | Scanderbeg^ReX¬ALBANIE · first_building Stable |
| 19:16 | Dj Fuji · wall_segment Stone Wall x12 |
| 19:23 | Negraxa · first_building Stable |
| 19:30 | ChickDuke · age_up feudal |
| 19:35 | atouminou · wall_segment Palisade Wall x5 |
| 19:42 | JoseCera · first_building Barracks |
| 20:04 | Degolador · first_building Barracks |
| 20:20 | Dj Fuji · wall_segment Stone Wall x14 |
| 20:51 | atouminou · wall_segment Stone Wall x10 |
| 21:07 | Dj Fuji · wall_segment Stone Wall x12 |
| 21:28 | atouminou · age_up castle |
| 21:43 | Degolador · first_building Stable |
| 21:46 | fatplumb · age_up castle |
| 22:10 | Dj Fuji · age_up castle |
| 22:58 | JoseCera · age_up castle |
| 23:21 | atouminou · first_building Castle |
| 23:23 | Dj Fuji · wall_segment Stone Wall x11 |
| 24:39 | Scanderbeg^ReX¬ALBANIE · age_up castle |
| 25:28 | Scanderbeg^ReX¬ALBANIE · first_building Monastery |
| 25:30 | Negraxa · age_up castle |
| 25:40 | fatplumb · first_building Castle |
| 26:04 | atouminou · wall_segment Stone Wall x19 |
| 27:17 | Scanderbeg^ReX¬ALBANIE · first_building Siege Workshop |
| 27:41 | ChickDuke · first_building Barracks |
| 27:52 | Dj Fuji · wall_segment Stone Wall x1 |
| 27:56 | Dj Fuji · wall_segment Stone Wall x3 |
| 28:19 | JoseCera · first_building Castle |
| 28:51 | Degolador · age_up castle |
| 28:57 | Dj Fuji · wall_segment Stone Wall x7 |
| 29:10 | atouminou · first_building Monastery |
| 29:24 | Dj Fuji · first_building Monastery |
| 30:19 | Scanderbeg^ReX¬ALBANIE · age_up imperial |
| 30:19 | Degolador · first_building Castle |
| 30:34 | Negraxa · first_building Monastery |
| 31:23 | ChickDuke · first_building Archery Range |
| 31:37 | Scanderbeg^ReX¬ALBANIE · first_building Castle |
| 31:40 | JoseCera · first_building Monastery |
| 32:03 | Dj Fuji · first_building Barracks |
| 32:30 | fatplumb · first_building Monastery |
| 34:15 | Dj Fuji · first_building Siege Workshop |
| 35:31 | Dj Fuji · first_building Castle |
| 35:32 | ChickDuke · age_up castle |
| 35:42 | Dj Fuji · age_up imperial |
| 36:31 | JoseCera · age_up imperial |
| 36:49 | Dj Fuji · first_building Stable |
| 36:52 | atouminou · age_up imperial |
| 37:14 | Degolador · first_building Monastery |
| 38:54 | fatplumb · age_up imperial |
| 38:59 | atouminou · first_building Siege Workshop |
| 41:01 | Negraxa · age_up imperial |
| 41:51 | Scanderbeg^ReX¬ALBANIE · first_market_sell 500 wood |
| 42:55 | fatplumb · first_building Siege Workshop |
| 43:08 | ChickDuke · first_building Monastery |
| 43:43 | Dj Fuji · wall_segment Stone Wall x1 |
| 45:16 | ChickDuke · first_building Castle |
| 45:42 | JoseCera · first_market_buy 500 food |
| 46:43 | Degolador · age_up imperial |
| 48:16 | Negraxa · first_building Castle |
| 48:52 | fatplumb · first_market_sell 100 food |
| 48:56 | fatplumb · first_market_buy 100 wood |
| 50:13 | Scanderbeg^ReX¬ALBANIE · tribute_sent a jugador 1 |
| 50:13 | Scanderbeg^ReX¬ALBANIE · tribute_sent a jugador 2 |
| 50:13 | Scanderbeg^ReX¬ALBANIE · tribute_sent a jugador 3 |
| 50:13 | Scanderbeg^ReX¬ALBANIE · tribute_sent a jugador 4 |
| 50:14 | Scanderbeg^ReX¬ALBANIE · tribute_sent a jugador 5 |
| 50:14 | Scanderbeg^ReX¬ALBANIE · tribute_sent a jugador 6 |
| 50:14 | Scanderbeg^ReX¬ALBANIE · tribute_sent a jugador 8 |
| 51:00 | ChickDuke · first_building Dock |
| 53:15 | atouminou · wall_segment Stone Wall x6 |
| 54:25 | Degolador · first_market_sell 100 food |
| 54:48 | Negraxa · wall_segment Stone Wall x22 |
| 54:55 | Negraxa · wall_segment Stone Wall x1 |
| 55:40 | Dj Fuji · first_building Archery Range |
| 56:42 | Negraxa · wall_segment Stone Wall x2 |
| 56:42 | ChickDuke · first_building Siege Workshop |
| 56:49 | Negraxa · wall_segment Stone Wall x16 |
| 56:58 | Scanderbeg^ReX¬ALBANIE · wall_segment Stone Wall x11 |
| 57:03 | Negraxa · wall_segment Stone Wall x1 |
| 57:06 | Scanderbeg^ReX¬ALBANIE · wall_segment Stone Wall x2 |
| 57:07 | ChickDuke · first_building Stable |
| 57:22 | JoseCera · first_market_sell 500 wood |
| 57:29 | Scanderbeg^ReX¬ALBANIE · wall_segment Stone Wall x15 |
| 57:52 | atouminou · wall_segment Stone Wall x8 |
| 58:48 | ChickDuke · age_up imperial |
| 63:20 | Negraxa · first_building Archery Range |
| 66:26 | ChickDuke · tribute_sent a jugador 1 |
| 66:26 | ChickDuke · tribute_sent a jugador 2 |
| 66:26 | ChickDuke · tribute_sent a jugador 4 |
| 66:26 | ChickDuke · tribute_sent a jugador 5 |
| 66:26 | ChickDuke · tribute_sent a jugador 6 |
| 66:26 | ChickDuke · tribute_sent a jugador 7 |
| 66:26 | ChickDuke · tribute_sent a jugador 8 |
| 66:48 | Dj Fuji · wall_segment Stone Wall x11 |
| 67:02 | Dj Fuji · wall_segment Stone Wall x11 |
| 69:02 | Negraxa · first_market_sell 100 food |
| 69:13 | Negraxa · first_market_buy 100 food |
| 70:58 | Dj Fuji · first_market_buy 100 wood |
| 72:44 | Negraxa · resign |
| 76:00 | fatplumb · first_building Stable |
| 81:19 | JoseCera · wall_segment Palisade Wall x7 |
| 81:27 | JoseCera · wall_segment Palisade Wall x10 |
[ AI ANALYSIS · 1 CREDIT ]
What really happened in this match?
Wolo.gg analyzes every decision: build order, eco, micro, common mistakes by bracket. Personalized analysis on WhatsApp or Discord in 30 seconds.
Civ guide
Franks
Perfil
Jugador #2694113